 Dungeon Crawl Stone Soup version 0.29-a0-350-g7790a0e70a (webtiles) character file.

Game seed: 2416202036113859003

22 enile the Grasshopper (level 2, -5/26 HPs)
             Began as a Naga Warper on Apr 22, 2022.
             Slain by a gnoll
             ... wielding a +1 vorpal flail
              (9 damage)
             ... on level 1 of the Dungeon.
             The game lasted 00:02:07 (1231 turns).

enile the Grasshopper (Naga Warper)                 Turns: 1231, Time: 00:02:07

Health: -5/26      AC:  2    Str: 13    XL:     2   Next: 91%
Magic:  5/5        EV:  9    Int: 13    God:
Gold:   44         SH:  0    Dex: 10    Spells: 5/5 levels left

rFire   . . .      SeeInvis +   e - +2 short sword (venom)
rCold   . . .      Faith    .   (no shield)
rNeg    . . .      Spirit   .   b - +0 leather armour
rPois   +          Reflect  .   (no helmet)
rElec   .          Harm     .   (no cloak)
rCorr   .          Rampage  .   (no gloves)
Will    .....                   (no barding)
Stlth   +.........              (no amulet)
HPRegen 0.08/turn               (no ring)
MPRegen 0.09/turn               (no ring)

@: mighty, very slow
A: AC +0, large, see invisible, deformed body, poison resistance, slowness 2,
spit poison 1, naga tail 1
a: Spit Poison


You were on level 1 of the Dungeon.
You visited 1 branch of the dungeon, and saw 1 of its levels.

You collected 44 gold pieces.

Inventory:

Hand Weapons
 a - a +0 hand axe
 e - a +2 short sword of venom (weapon)
 g - a +0 battleaxe
Armour
 b - a +0 leather armour (worn)


   Skills:
 - Level 2.0 Fighting
 - Level 2.1 Axes
 - Level 1.0 Throwing
 - Level 1.0 Armour
 - Level 2.0 Dodging
 + Level 1.8 Stealth
 - Level 2.0 Spellcasting
 - Level 3.0 Translocations


You had 5 spell levels left.
You didn't know any spells.
Your spell library contained the following spells:

 Spells                   Type           Power      Damage    Failure   Level
 Blink                    Tloc           18%        N/A       14%         2
 Gell's Gravitas          Tloc           9%         N/A       26%         3
 Lesser Beckoning         Tloc           9%         N/A       26%         3
 Teleport Other           Tloc           9%         N/A       26%         3
 Manifold Assault         Tloc           9%         N/A       94%         5


Dungeon Overview and Level Annotations

Branches:
Dungeon (1/15)

Altars:


Innate Abilities, Weirdness & Mutations

Your serpentine skin is tough. (AC +0)
You have supernaturally acute eyesight. (SInv)
Armour fits poorly on your strangely shaped body.
Your system is resistant to poisons. (rPois)
You cover ground very slowly.
You can spit poison.
You have a snake-like lower body.


Message History

Aim: a gnoll, wielding a +1 vorpal flail (poisoned, 60% to hit)
You throw a boomerang of dispersal.
The boomerang of dispersal closely misses the gnoll.
You closely miss the gnoll.
The gnoll is lightly wounded.
The gnoll hits you with a +1 vorpal flail!
You closely miss the gnoll.
The gnoll is lightly wounded.
The gnoll barely misses you.
You hit the gnoll.
The gnoll is heavily wounded.
You have got your breath back.
The gnoll hits you with a +1 vorpal flail.
Okay, then.
Aiming: Spit Poison (2% risk of failure)
Press: ? - help, Shift-Dir - straight line, f/p - gnoll
Aim: a gnoll, wielding a +1 vorpal flail (heavily wounded, poisoned, 65% to hit)
The splash of poison misses the gnoll.
The gnoll looks more healthy.
The gnoll completely misses you.
Okay, then.
Blink to where?
Press: ? - help, Dir - move target, p - gnoll
As you read the scroll of blinking, it crumbles to dust.
You have got your breath back.
It was a potion of might.
You feel very mighty all of a sudden.
Aiming: Spit Poison (2% risk of failure)
Press: ? - help, Shift-Dir - straight line, f - gnoll
Aim: a gnoll, wielding a +1 vorpal flail (heavily wounded, 65% to hit)
The splash of poison hits the gnoll.
The gnoll is poisoned.
The gnoll is severely wounded.
You barely miss the gnoll.
The gnoll is severely wounded.
The gnoll hits you with a +1 vorpal flail.
* * * LOW HITPOINT WARNING * * *
x2 You barely miss the gnoll.
The gnoll is severely wounded.
You have got your breath back.
The gnoll hits you with a +1 vorpal flail!
You die...

..##...# #.#.#.....#.........#
.###...###.#.####..#.........####
..##.......#.......#...........#.
...##............................
....##.............#.........#.#.
...###############.#.#######.#.#.
....# #..#.......#.#......##.#.#.
..... #.................#....#.#.
......#........g@..#.#..######.#.
.........#########.#...........#.
......#..# ####.......#..#######.
..... #..# #.......##.#..........
.... #..# #.......##.#..########
...# #..# #.......##.#..........
... ...# #.......##.##..###....
.. .... ........##.###.###.... .
..... ........##.# #..##....


You could see a gnoll (poisoned).

Vanquished Creatures
  A dart slug (D:1)
  A ball python (D:1)
  3 endoplasms (D:1)
  2 goblins (D:1)
  4 hobgoblins (D:1)
  2 kobolds (D:1)
  A bat (D:1)
  A frilled lizard (D:1)
  2 rats (D:1)
17 creatures vanquished.

Notes
Turn   | Place    | Note
-------+----------+-------------------------------------------
     0 | D:1      | enile the Naga Warper began the quest for the Orb.
     0 | D:1      | Reached XP level 1. HP: 19/19 MP: 3/3
    94 | D:1      | Reached skill level 1 in Armour
   107 | D:1      | Reached skill level 1 in Throwing
   116 | D:1      | Reached XP level 2. HP: 24/26 MP: 5/5
   682 | D:1      | Reached skill level 1 in Stealth
   705 | D:1      | Found a faded altar of an unknown god.
  1231 | D:1      | Slain by a gnoll

Illustrated notes

Levels and vault maps discovered:
D:1:      ncdulo_smallfort, layout_basic,
          shapermc_ecumenical_altar_starsandcircs, minivault_5,
          nicolae_figureground_pulse

Skill      XL: |  1  2 |
---------------+-------+-----
Armour         | 1 |  1.0
Throwing       | 1 |  1.0
Dodging        | 2 |  2.0
Stealth        | 1 |  1.8
Fighting       | |  2.0
Axes           | |  2.1
Spellcasting   | |  2.0
Translocations | |  3.0

Action                   || total
-------------------------++-------
Melee: Hand axe          ||    13
       Short sword       ||    12
Throw: Boomerang         ||     7
 Abil: Spit Poison       ||    16
  Use: Scroll            ||     1
       Potion            ||     1
Armor: Leather armour    ||     1
Dodge: Dodged            ||    15

Table legend: (Time is in decaauts)
 A = Elapsed time spent in this place.
 B = Non-inter-level travel time spent in this place.
 C = Inter-level travel time spent in this place.
 D = Time resting spent in this place.
 E = Time spent auto-exploring this place.
 F = Levels seen in this place.
 G = Mean time per level.
                   A        B        C        D        E       F      G
               +--------+--------+--------+--------+--------+-----+--------+
         Total |   1548 |   1490 |     58 |      0 |   1333 |   1 | 1548.0 |
       Dungeon |   1548 |   1490 |     58 |      0 |   1333 |   1 | 1548.0 |
               +--------+--------+--------+--------+--------+-----+--------+

Top non-repeatable levels by time:
     D:1: 1548 daAuts
